[Event "Titled Tuesday Blitz March 22 Early 2022"]
[White "Sadovsky, Artem"]
[Black "Sargsyan, Anna M."]
[WhiteFideId "4155840"]
[BlackFideId "13308130"]
[WhiteElo "2314"]
[BlackElo "2271"]
[Result "1/2-1/2"]
[Round "07"]
[TimeControl "180+1"]
[Date "2022.03.22"]
[WhiteClock "0:01:13"]
[BlackClock "0:01:16"]

1. Nf3 d5 2. e3 Nf6 3. c4 c6 4. b3 Bf5 5. Bb2 e6 6. Be2 Nbd7 7. O-O Be7 8. d3 O-O 9. Nbd2 h6 10. Qc2 Re8 11. Rad1 Rc8 12. e4 dxe4 13. Nxe4 Qc7 14. Nxf6+ Bxf6 15. Bxf6 Nxf6 16. Qc3 e5 17. Rfe1 Rcd8 18. Bf1 Bg4 19. Be2 Re7 20. h3 Bh5 21. Nh4 Bxe2 22. Rxe2 e4 23. Nf5 Red7 24. Nxh6+ Kh8 25. Red2 Qf4 26. Ng4 Nxg4 27. hxg4 e3 28. Re2 Qxg4 29. f3 Qf4 30. c5 Rd5 31. d4 Re8 32. Rd3 Rh5 33. Rdxe3 Qh2+ 34. Kf1 Qh1+ 35. Kf2 Qh4+ 36. Kf1 Qh1+ 37. Kf2 Qh4+ 38. Kg1 Qh1+ 39. Kf2 1/2-1/2


[Site "https://www.chess.com"]

[Event "Titled Tuesday Blitz March 22 Early 2022"]
[White "Sailer, Mike"]
[Black "Hirneise, Jens"]
[WhiteFideId "2012901"]
[BlackFideId "24614734"]
[WhiteElo "2109"]
[BlackElo "2359"]
[Result "0-1"]
[Round "07"]
[TimeControl "180+1"]
[Date "2022.03.22"]
[WhiteClock "0:00:01"]
[BlackClock "0:00:22"]

1. d4 d5 2. Nf3 Nf6 3. Bf4 e6 4. e3 Bd6 5. Bxd6 cxd6 6. Bd3 Nc6 7. O-O e5 8. Bb5 e4 9. Nfd2 O-O 10. c4 Nb4 11. cxd5 Nbxd5 12. Nc3 Nc7 13. Be2 d5 14. Rc1 g6 15. f3 exf3 16. Nxf3 Ng4 17. Qd2 Re8 18. Nd1 Qe7 19. Rc3 f5 20. h3 Nf6 21. Ne5 Ne4 22. Qc2 Nxc3 23. bxc3 Be6 24. Nb2 Rac8 25. Qb3 Na8 26. Nbd3 Nb6 27. Nf4 Qc7 28. Rc1 Qd6 29. a4 Rc7 30. a5 Nc4 31. Bxc4 dxc4 32. Qb5 Bd7 33. Qb1 Rxe5 34. dxe5 Qxe5 35. Kf2 Bc6 36. Rd1 Re7 37. Qc1 g5 38. Ne2 f4 39. Nd4 fxe3+ 40. Kg1 Bd5 41. Re1 b6 42. Qb2 bxa5 43. Qe2 a4 44. Rb1 a3 45. Ra1 Qd6 46. Qc2 Be4 47. Qa4 Qd5 48. Rxa3 Bxg2 49. Qa6 Bxh3 0-1


[Site "https://www.chess.com"]

[Event "Titled Tuesday Blitz March 22 Early 2022"]
[White "Saldano Dayer, Horacio"]
[Black "Dilanyan, Grigor"]
[WhiteFideId "103411"]
[BlackFideId "13303570"]
[WhiteElo "2419"]
[BlackElo "2279"]
[Result "0-1"]
[Round "07"]
[TimeControl "180+1"]
[Date "2022.03.22"]
[WhiteClock "0:00:04"]
[BlackClock "0:01:47"]

1. e4 c6 2. Nf3 d5 3. d3 Qc7 4. exd5 cxd5 5. c4 Nf6 6. Nc3 dxc4 7. dxc4 g6 8. Bg5 Bg7 9. Bxf6 Bxf6 10. Nd5 Qc6 11. Nxf6+ Qxf6 12. Qd4 Qe6+ 13. Qe5 Nc6 14. Qxe6 Bxe6 15. O-O-O Rc8 16. b3 b5 17. cxb5 Nb4+ 18. Kb2 Rc2+ 19. Ka3 Nxa2 20. Nd4 Rxf2 21. Nxe6 fxe6 22. b6 O-O 23. Bc4 axb6 24. Bxe6+ Kg7 25. Rd4 b5 26. b4 Nc3 27. Kb3 Ne2 28. Re4 Rxg2 29. Re1 Rf3+ 0-1


[Site "https://www.chess.com"]

[Event "Titled Tuesday Blitz March 22 Early 2022"]
[White "Salinas Herrera, Pablo"]
[Black "Tasev, Dejan"]
[WhiteFideId "3407128"]
[BlackFideId "936618"]
[WhiteElo "2541"]
[BlackElo "2253"]
[Result "1-0"]
[Round "07"]
[TimeControl "180+1"]
[Date "2022.03.22"]
[WhiteClock "0:00:32"]
[BlackClock "0:00:32"]

1. d4 Nf6 2. Nf3 e6 3. Bf4 b6 4. e3 Bb7 5. Nbd2 h6 6. h3 d6 7. Bd3 Nbd7 8. e4 g5 9. Be3 g4 10. hxg4 Nxg4 11. Bf4 Rg8 12. Qe2 a6 13. O-O-O b5 14. Kb1 Nb6 15. Nb3 Qd7 16. Na5 O-O-O 17. Nxb7 Kxb7 18. Nd2 e5 19. dxe5 Nxe5 20. f3 Nxd3 21. cxd3 Qe6 22. g4 Bg7 23. Nb3 Qf6 24. Bc1 c5 25. Rh5 Rge8 26. f4 c4 27. Na5+ Kc7 28. dxc4 bxc4 29. Nxc4 Nxc4 30. Qxc4+ Kd7 31. e5 Qg6+ 32. f5 Qh7 33. Rxd6+ Ke7 34. Bg5+ f6 35. Bxf6+ Bxf6 36. Qc7+ 1-0


[Site "https://www.chess.com"]

[Event "Titled Tuesday Blitz March 22 Early 2022"]
[White "Samaganova, Aleksandra"]
[Black "Alinasab, Mobina"]
[WhiteFideId "13800221"]
[BlackFideId "12528897"]
[WhiteElo "1859"]
[BlackElo "2052"]
[Result "0-1"]
[Round "07"]
[TimeControl "180+1"]
[Date "2022.03.22"]
[WhiteClock "0:00:03"]
[BlackClock "0:00:48"]

1. c4 Nf6 2. Nc3 c5 3. Nf3 e6 4. e3 d6 5. d4 cxd4 6. exd4 b6 7. Bd3 Bb7 8. O-O Be7 9. h3 O-O 10. Bf4 Nbd7 11. Rc1 a6 12. Bb1 Re8 13. b3 Bf8 14. Re1 Rc8 15. Qd3 g6 16. Nd2 e5 17. Bh2 Bh6 18. Rcd1 Bf4 19. Nde4 Bxh2+ 20. Kxh2 Nxe4 21. Nxe4 Nf6 22. d5 Nxe4 23. Qxe4 f5 24. Qe3 b5 25. Bd3 bxc4 26. Bxc4 Qa5 27. Re2 Qc5 28. Qg5 a5 29. h4 a4 30. h5 Kf7 31. g4 f4 32. h6 axb3 33. Bxb3 Ba6 34. Rc2 Qb6 35. Rdc1 Rxc2 36. Rxc2 Rc8 37. Rd2 Qb4 38. Rd1 Be2 39. Rg1 Qd4 40. Qh4 Rc3 41. g5 Rf3 42. Rg2 Bf1 43. Qg4 Bxg2 44. Qe6+ Kf8 45. Qc8+ Ke7 46. Qc7+ Ke8 47. Qc8+ Kf7 48. Qd7+ Kf8 49. Qd8+ Kf7 50. Qd7+ Kf8 51. Qxd6+ Ke8 52. Qe6+ Kd8 53. Qd6+ Kc8 54. Qc6+ Kb8 55. Qe8+ Ka7 56. Qd7+ Kb6 57. Qd6+ Ka5 0-1


[Site "https://www.chess.com"]

[Event "Titled Tuesday Blitz March 22 Early 2022"]
[White "Samunenkov, Ihor"]
[Black "Myshakov, Fyodor"]
[WhiteFideId "14187086"]
[BlackFideId "14111284"]
[WhiteElo "2409"]
[BlackElo "2310"]
[Result "1-0"]
[Round "07"]
[TimeControl "180+1"]
[Date "2022.03.22"]
[WhiteClock "0:00:39"]
[BlackClock "0:01:32"]

1. e4 c6 2. Nf3 d5 3. d3 dxe4 4. dxe4 Qxd1+ 5. Kxd1 g6 6. h3 Bg7 7. c3 Nf6 8. Bd3 Nbd7 9. Be3 O-O 10. a4 b6 11. Kc2 Bb7 12. Nbd2 c5 13. a5 c4 14. Nxc4 Nxe4 15. axb6 axb6 16. Nxb6 Rxa1 17. Rxa1 Ndc5 18. Ra7 Nxd3 19. Kxd3 Nd6 20. Bf4 Be4+ 21. Ke3 Bc6 22. Bxd6 exd6 23. Nc4 Bh6+ 24. Kd3 Bb5 25. Nd4 Bxc4+ 26. Kxc4 Rc8+ 27. Kd3 Bc1 28. b4 d5 29. b5 Bb2 30. Nc6 Kg7 31. Kc2 1-0


[Site "https://www.chess.com"]

[Event "Titled Tuesday Blitz March 22 Early 2022"]
[White "Sanchez, Robert"]
[Black "Mena, Ailen Oriana"]
[WhiteFideId "2034360"]
[BlackFideId "3902773"]
[WhiteElo "2266"]
[BlackElo "1534"]
[Result "0-1"]
[Round "07"]
[TimeControl "180+1"]
[Date "2022.03.22"]
[WhiteClock "0:02:36"]
[BlackClock "0:01:11"]

1. e4 e5 2. Nf3 Nc6 3. Bb5 f5 4. d3 fxe4 5. dxe4 Nf6 6. O-O Bc5 7. Bc4 d6 8. Ng5 Qe7 9. Bf7+ Kd8 10. Bb3 Rf8 11. Nc3 h6 12. Nd5 Qe8 13. Nxf6 Rxf6 14. Nh7 Rg6 15. Qh5 Rxg2+ 16. Kxg2 Qxh5 0-1


[Site "https://www.chess.com"]

[Event "Titled Tuesday Blitz March 22 Early 2022"]
[White "Santos Flores, Alberto"]
[Black "Prohorov, Olexandr"]
[WhiteFideId "3601234"]
[BlackFideId "14105578"]
[WhiteElo "2235"]
[BlackElo "1993"]
[Result "1/2-1/2"]
[Round "07"]
[TimeControl "180+1"]
[Date "2022.03.22"]
[WhiteClock "0:00:08"]
[BlackClock "0:00:25"]

1. e4 c5 2. Nf3 e6 3. d4 cxd4 4. Nxd4 Qb6 5. Nb5 Nf6 6. Be3 Qa5+ 7. Qd2 Bb4 8. Nd6+ Ke7 9. Nxc8+ Rxc8 10. c3 Bc5 11. Bd3 Bxe3 12. Qxe3 Qc5 13. Qxc5+ Rxc5 14. f4 d6 15. Nd2 Nbd7 16. O-O Rcc8 17. Nf3 Nc5 18. Bc2 Ncxe4 19. Rae1 d5 20. f5 b5 21. fxe6 fxe6 22. a3 a5 23. h4 b4 24. axb4 axb4 25. Bxe4 Nxe4 26. cxb4 Kd6 27. Ng5 h6 28. Nxe4+ dxe4 29. Rxe4 Rc2 30. Rfe1 Re8 31. R1e2 Rc1+ 32. Kh2 Kd5 33. b5 Rc5 34. Re5+ Kd6 35. Rxc5 Kxc5 36. Re5+ Kd4 37. Re1 e5 38. Kg3 Rb8 39. Rd1+ Ke4 40. Rd7 Rxb5 41. Rxg7 Rb3+ 42. Kg4 Rxb2 43. g3 Ke3 44. Rg6 e4 45. Rxh6 Kf2 46. Rf6+ Kg2 47. Re6 Rb4 48. Kf4 e3+ 49. Kxe3 Kxg3 50. h5 Kg4 51. h6 Kg5 52. h7 Rb8 53. Re7 Rh8 54. Ke4 Kg6 55. Ke5 Rxh7 56. Rxh7 Kxh7 1/2-1/2


[Site "https://www.chess.com"]

[Event "Titled Tuesday Blitz March 22 Early 2022"]
[White "Schrik, Rachid"]
[Black "Demin, Vladimir"]
[WhiteFideId "1009818"]
[BlackFideId "4167457"]
[WhiteElo "2070"]
[BlackElo "2518"]
[Result "0-1"]
[Round "07"]
[TimeControl "180+1"]
[Date "2022.03.22"]
[WhiteClock "0:01:34"]
[BlackClock "0:02:28"]

1. d4 Nf6 2. c4 e5 3. dxe5 Ng4 4. e3 Nxe5 5. Nh3 d5 6. Qxd5 Qf6 7. Be2 c6 8. Qd1 Bxh3 9. gxh3 Nbd7 10. Nc3 Nc5 11. Qc2 O-O-O 12. Bd2 Ncd3+ 13. Bxd3 Nxd3+ 14. Ke2 Qxf2+ 15. Kd1 Qf3+ 0-1


[Site "https://www.chess.com"]

[Event "Titled Tuesday Blitz March 22 Early 2022"]
[White "Shuvalov, Evgenij"]
[Black "Golubev, Mikhail"]
[WhiteFideId "4187237"]
[BlackFideId "14100983"]
[WhiteElo "2151"]
[BlackElo "2374"]
[Result "0-1"]
[Round "07"]
[TimeControl "180+1"]
[Date "2022.03.22"]
[WhiteClock "0:00:56"]
[BlackClock "0:01:04"]

1. Nf3 d6 2. d4 Nf6 3. c4 g6 4. Nc3 Bg7 5. e4 O-O 6. Be2 e5 7. O-O Nc6 8. d5 Ne7 9. Ne1 Ne8 10. Be3 f5 11. f3 f4 12. Bf2 g5 13. Rc1 h5 14. c5 Rf6 15. Nb5 a6 16. Na3 Rg6 17. Nc4 g4 18. cxd6 Nxd6 19. Bh4 Qf8 20. Kh1 Bf6 21. Bxf6 Qxf6 22. Nd3 g3 23. Nxd6 Qh4 24. h3 Bxh3 25. Rf2 Bxg2+ 26. Kxg2 Qh2+ 27. Kf1 Qh1# 0-1


[Site "https://www.chess.com"]

[Event "Titled Tuesday Blitz March 22 Early 2022"]
[White "Shuvalova, Polina"]
[Black "Hoeffer, David"]
[WhiteFideId "24171760"]
[BlackFideId "24606766"]
[WhiteElo "2355"]
[BlackElo "2301"]
[Result "1-0"]
[Round "07"]
[TimeControl "180+1"]
[Date "2022.03.22"]
[WhiteClock "0:01:24"]
[BlackClock "0:01:56"]

1. d4 d5 2. Nf3 Nf6 3. Bf4 c5 4. e3 Nc6 5. Nbd2 e6 6. c3 Be7 7. Bd3 O-O 8. h4 cxd4 9. exd4 Re8 10. Ne5 Nxe5 11. dxe5 Nd7 12. Nf3 Nc5 13. Bxh7+ Kf8 14. Bc2 Qb6 15. Rb1 Rd8 16. Nd4 Ne4 17. Qh5 Bc5 18. O-O Bxd4 19. cxd4 Qxd4 20. Qh8+ Ke7 21. Qxg7 Bd7 22. Rbd1 Qc4 23. Bxe4 Qxe4 24. Bg5+ 1-0


[Site "https://www.chess.com"]

[Event "Titled Tuesday Blitz March 22 Early 2022"]
[White "Silvestre, Christian"]
[Black "Osmonbekov, Talaibek"]
[WhiteFideId "30956269"]
[BlackFideId "2017253"]
[WhiteElo "2431"]
[BlackElo "2135"]
[Result "0-1"]
[Round "07"]
[TimeControl "180+1"]
[Date "2022.03.22"]
[WhiteClock "0:01:43"]
[BlackClock "0:01:53"]

1. Nf3 d6 2. e3 e5 3. d4 e4 4. Nfd2 d5 5. c4 c6 6. Nc3 Nf6 7. f3 exf3 8. Nxf3 Bd6 9. Qb3 O-O 10. cxd5 cxd5 11. Bd3 Nc6 12. O-O Bg4 13. Bd2 Na5 14. Qa4 a6 15. Rae1 b5 16. Qc2 Rc8 17. Qb1 Nc4 18. Bxc4 bxc4 19. Ne5 Be6 20. e4 Bxe5 21. dxe5 Nxe4 22. Nxe4 dxe4 23. Bb4 Qb6+ 0-1


[Site "https://www.chess.com"]

[Event "Titled Tuesday Blitz March 22 Early 2022"]
[White "Siniauski, Artsiom"]
[Black "Purtseladze, Maka"]
[WhiteFideId "13512269"]
[BlackFideId "13602659"]
[WhiteElo "2187"]
[BlackElo "2224"]
[Result "1-0"]
[Round "07"]
[TimeControl "180+1"]
[Date "2022.03.22"]
[WhiteClock "0:00:03"]
[BlackClock "0:00:08"]

1. e4 c6 2. Nc3 d5 3. Nf3 dxe4 4. Nxe4 Nf6 5. Nxf6+ gxf6 6. d4 Bf5 7. g3 Qd5 8. Bg2 Be4 9. O-O Nd7 10. b3 b5 11. Bb2 e6 12. Re1 b4 13. a3 bxa3 14. c4 axb2 15. cxd5 bxa1=Q 16. Qxa1 Bxd5 17. Qa4 Nb6 18. Qa5 Bd6 19. Nh4 O-O 20. Bxd5 Nxd5 21. Qa6 Rfc8 22. Rc1 Rab8 23. Rxc6 Rxc6 24. Qxc6 Bf8 25. Qa4 Rb4 26. Qxa7 Rxb3 27. Kg2 Rb2 28. Qa4 Kg7 29. Qa1 Rd2 30. Qc1 Rxd4 31. Nf3 Rb4 32. h4 h6 33. h5 f5 34. Nh4 Be7 35. Nf3 Bf6 36. Qc6 Rb2 37. Qc5 Be7 38. Qd4+ Bf6 39. Qc5 Ra2 40. Ne1 Re2 41. Nd3 Ne3+ 42. Kf3 Ng4 43. Kxe2 e5 44. Qc6 e4 45. Nf4 Bd4 46. Qb7 Bxf2 47. Qb5 Kf6 48. Qc6+ Kg5 49. Qd5 Bxg3 50. Nh3+ Kh4 51. Ng1 f4 52. Qf5 f3+ 53. Nxf3+ exf3+ 54. Kxf3 Nh2+ 55. Kg2 Ng4 56. Qxf7 Ne3+ 57. Kf3 Ng4 58. Qc4 Bf4 59. Qxf4 1-0


[Site "https://www.chess.com"]

[Event "Titled Tuesday Blitz March 22 Early 2022"]
[White "Siva Mahadevan"]
[Black "Bodnaruk, Anastasia"]
[WhiteFideId "25043153"]
[BlackFideId "4181751"]
[WhiteElo "2203"]
[BlackElo "2393"]
[Result "0-1"]
[Round "07"]
[TimeControl "180+1"]
[Date "2022.03.22"]
[WhiteClock "0:00:11"]
[BlackClock "0:00:02"]

1. e4 c5 2. Nf3 d6 3. d4 cxd4 4. Nxd4 Nf6 5. Nc3 a6 6. Bg5 Nbd7 7. Bc4 Qb6 8. O-O Qc5 9. Bd5 e6 10. Re1 Be7 11. Be3 Qa5 12. Bc4 O-O 13. a3 Qc7 14. Ba2 Ne5 15. Qe2 b5 16. Rad1 Bd7 17. f4 Nc4 18. Bc1 Nxa3 19. e5 dxe5 20. fxe5 Ne8 21. Nd5 exd5 22. bxa3 Be6 23. Kh1 Kh8 24. Rf1 Rc8 25. Rd3 Qa7 26. Be3 Qb7 27. Qh5 g6 28. Qh6 Ng7 29. Bd2 Bd7 30. Nf3 Be6 31. Bg5 f6 32. exf6 Bxf6 33. Re1 Nf5 34. Bxf6+ Rxf6 35. Qg5 Qg7 36. Rd2 Rcf8 37. Bxd5 Bxd5 38. Rxd5 Qf7 39. Rde5 Qc7 40. R5e2 a5 41. Qd2 Qb6 42. Qc3 Qc6 43. Qb2 Kg8 44. Ne5 Qc5 45. Ng4 Ng3+ 46. hxg3 Rf1+ 47. Rxf1 Rxf1+ 48. Kh2 Qh5# 0-1


[Site "https://www.chess.com"]

[Event "Titled Tuesday Blitz March 22 Early 2022"]
[White "Skliarov, Viktor"]
[Black "Milanovic, Marko"]
[WhiteFideId "14106736"]
[BlackFideId "980129"]
[WhiteElo "2229"]
[BlackElo "2159"]
[Result "1-0"]
[Round "07"]
[TimeControl "180+1"]
[Date "2022.03.22"]
[WhiteClock "0:00:52"]
[BlackClock "0:01:24"]

1. e4 e5 2. Nc3 Nf6 3. Bc4 Nxe4 4. Qh5 Nd6 5. Bb3 Be7 6. Qxe5 O-O 7. Nge2 Nc6 8. Qf4 Bf6 9. Nd5 Bg5 10. Qf3 Ne5 11. Qg3 Re8 12. h4 Bh6 13. d4 Nf5 14. Qc3 Nc6 15. Bxh6 gxh6 16. Rd1 d6 17. g4 Nfe7 18. Nf6+ Kh8 19. Nxe8 Qxe8 20. Qf3 d5 21. Kd2 Be6 22. Kc1 a5 23. Ba4 Qd7 24. Qf6+ Kg8 25. f3 Qd6 26. Nf4 b5 27. Nh5 Kf8 28. Qg7+ Ke8 29. Nf6+ Kd8 30. Qf8# 1-0


[Site "https://www.chess.com"]

[Event "Titled Tuesday Blitz March 22 Early 2022"]
[White "Starozhilov, Leonid"]
[Black "Ronka, Erik"]
[WhiteFideId "14106752"]
[BlackFideId "505080"]
[WhiteElo "2414"]
[BlackElo "2264"]
[Result "1-0"]
[Round "07"]
[TimeControl "180+1"]
[Date "2022.03.22"]
[WhiteClock "0:02:13"]
[BlackClock "0:01:45"]

1. e4 c5 2. Nf3 e6 3. c4 Nc6 4. d4 cxd4 5. Nxd4 Nf6 6. Nc3 Bb4 7. Nxc6 dxc6 8. Qxd8+ Kxd8 9. e5 Nd7 10. Bf4 Ke7 11. O-O-O Bxc3 12. bxc3 h6 13. h4 Nc5 14. h5 Bd7 15. Rh4 Rhd8 16. Be3 b6 17. Rg4 Kf8 18. Rgd4 Ke7 19. g4 Na4 20. Kc2 Be8 21. Bg2 Rac8 22. g5 hxg5 23. Bxg5+ 1-0


[Site "https://www.chess.com"]

[Event "Titled Tuesday Blitz March 22 Early 2022"]
[White "Sztokbant, Bernardo Vainzoff"]
[Black "Tay, Junior"]
[WhiteFideId "2115956"]
[BlackFideId "5800439"]
[WhiteElo "2237"]
[BlackElo "2216"]
[Result "0-1"]
[Round "07"]
[TimeControl "180+1"]
[Date "2022.03.22"]
[WhiteClock "0:00:01"]
[BlackClock "0:00:47"]

1. e4 c5 2. Nf3 d6 3. d4 cxd4 4. Qxd4 Nc6 5. Bb5 Bd7 6. Bxc6 Bxc6 7. Nc3 Nf6 8. O-O e6 9. Bg5 Be7 10. Rad1 O-O 11. Rfe1 Qa5 12. Bh4 Rac8 13. Bg3 e5 14. Qd3 b5 15. a3 Qb6 16. Bh4 a5 17. Bxf6 Bxf6 18. Qxd6 Qb7 19. Nd5 Bxd5 20. Qxd5 Qb6 21. Qd3 b4 22. axb4 axb4 23. Qb3 Qc5 24. Rd2 h6 25. g3 Kh7 26. Kg2 Rc7 27. Ree2 Rfc8 28. Rd5 Qc4 29. Qxc4 Rxc4 30. Nxe5 Bxe5 31. Rxe5 Rxc2 32. Rxc2 Rxc2 33. Re7 f6 34. Rb7 Rxb2 35. Kf3 Kg6 36. Ke3 h5 37. h4 b3 38. f3 Rb1 39. Kf4 Rb2 40. Rb6 Kf7 41. Rb7+ Kg6 42. g4 hxg4 43. Kxg4 Rg2+ 44. Kf4 b2 45. Ke3 Kh5 46. Kd3 Kxh4 47. Ke3 Rc2 48. Kd3 Rg2 49. Ke3 g5 50. Rh7+ Kg3 51. Rb7 Rf2 52. Kd4 Kxf3 53. Rb6 Kg3 54. Rb3+ Kg2 55. Kd5 g4 56. Ke6 g3 57. Rb8 Kg1 58. e5 fxe5 59. Rg8 g2 0-1


[Site "https://www.chess.com"]

[Event "Titled Tuesday Blitz March 22 Early 2022"]
[White "Tanenbaum, Zachary"]
[Black "Popadic, Dragan"]
[WhiteFideId "2060850"]
[BlackFideId "913650"]
[WhiteElo "2168"]
[BlackElo "2222"]
[Result "1-0"]
[Round "07"]
[TimeControl "180+1"]
[Date "2022.03.22"]
[WhiteClock "0:02:00"]
[BlackClock "0:02:10"]

1. e4 c5 2. Nf3 Nc6 3. Nc3 e5 4. Bc4 Be7 5. d3 Nf6 6. Ng5 O-O 7. h4 h6 8. Nd5 Nxd5 9. Bxd5 Nd4 10. Qh5 Ne6 11. Nf3 d6 12. Bxh6 gxh6 13. Qxh6 f6 14. Qg6+ Kh8 15. Ng5 1-0


[Site "https://www.chess.com"]

[Event "Titled Tuesday Blitz March 22 Early 2022"]
[White "Terry, Renato"]
[Black "Vakhlamov, Igor L."]
[WhiteFideId "3803457"]
[BlackFideId "24126748"]
[WhiteElo "2577"]
[BlackElo "2401"]
[Result "0-1"]
[Round "07"]
[TimeControl "180+1"]
[Date "2022.03.22"]
[WhiteClock "0:00:03"]
[BlackClock "0:00:09"]

1. e4 c5 2. Nf3 Nc6 3. Bb5 Nf6 4. Nc3 g6 5. O-O Bg7 6. e5 Ng4 7. Bxc6 dxc6 8. Re1 O-O 9. d3 Nh6 10. h3 Nf5 11. Qe2 Nd4 12. Nxd4 cxd4 13. Nb1 c5 14. Bg5 Re8 15. Nd2 Qd5 16. a4 b6 17. Nc4 Bb7 18. Qg4 Rac8 19. Re2 Rc6 20. Rae1 Ba8 21. b3 a6 22. a5 b5 23. Nb6 Qd8 24. Nxa8 Qxa8 25. e6 f6 26. Bf4 Rcc8 27. h4 Qd5 28. Qh3 c4 29. b4 cxd3 30. cxd3 Rc3 31. Bd2 Rc2 32. g4 h5 33. Qg3 Rec8 34. Qf4 Kh7 35. Re4 f5 36. gxf5 Qxf5 37. Qxf5 gxf5 38. R4e2 Bf6 39. Bg5 Kg6 40. f4 R8c3 41. Rxc2 Rxc2 42. Kf1 Rd2 43. Rc1 Rxd3 44. Rc6 Rb3 45. Rxa6 d3 46. Bxf6 Kxf6 47. Ke1 Rxb4 48. Rb6 Rxf4 49. a6 Rxh4 50. Kd2 Ra4 51. Kxd3 h4 52. Ke2 h3 53. Kf2 Ra3 54. Kg1 Ra2 55. Kh1 Kg5 56. Kg1 Kg4 57. Rb7 Rxa6 58. Rxe7 Ra1+ 59. Kh2 Ra2+ 60. Kh1 Re2 61. Rg7+ Kf4 62. Rb7 Kg3 63. Rg7+ Kf3 64. Rb7 Rxe6 65. Rxb5 f4 66. Rb3+ Re3 67. Rb2 Re1+ 68. Kh2 Re2+ 0-1


[Site "https://www.chess.com"]

[Event "Titled Tuesday Blitz March 22 Early 2022"]
[White "Tiarks, Jann-Christian"]
[Black "Ardila, Oscar Humberto"]
[WhiteFideId "12951595"]
[BlackFideId "4404742"]
[WhiteElo "2176"]
[BlackElo "1966"]
[Result "1-0"]
[Round "07"]
[TimeControl "180+1"]
[Date "2022.03.22"]
[WhiteClock "0:00:18"]
[BlackClock "0:00:07"]

1. e4 e5 2. Nf3 Nf6 3. Nc3 Nc6 4. d4 exd4 5. Nxd4 Bb4 6. Nxc6 bxc6 7. Bd3 d5 8. exd5 cxd5 9. O-O O-O 10. Na4 c6 11. a3 Bd6 12. b4 Be5 13. Rb1 a5 14. Nc5 axb4 15. axb4 Qc7 16. h3 Re8 17. Qf3 h6 18. Bd2 Ra2 19. Rfe1 Kf8 20. Re2 Bh2+ 21. Kh1 Rxe2 22. Qxe2 Be5 23. Re1 Ra1 24. Rxa1 Bxa1 25. c3 d4 26. c4 Bc3 27. Bc1 Bxb4 28. Ne4 Qe5 29. f4 Qe7 30. Qf3 Nxe4 31. Bxe4 c5 32. Kh2 Be6 33. Bd3 Qc7 34. Qa8+ Ke7 35. Qe4 f5 36. Qe2 Kf6 37. g3 Ba5 38. h4 Qb8 39. Ba3 Bb4 40. Bc1 Ba5 41. Ba3 Bb4 42. Bc1 g6 43. Qb2 Qa7 44. Qe2 Qc7 45. Bb2 g5 46. hxg5+ hxg5 47. Bc1 g4 48. Kg1 Ba5 49. Ba3 Qh7 50. Qe5+ Kf7 51. Qxc5 Qh3 52. Qe7+ Kg6 53. Qxe6+ Kh7 54. Bxf5+ Kg7 55. Qg6+ Kh8 56. Qf6+ Kg8 57. Be6+ Kh7 58. Qf7+ Kh8 59. Qg8# 1-0


[Site "https://www.chess.com"]

[Event "Titled Tuesday Blitz March 22 Early 2022"]
[White "Timofeev, Artyom"]
[Black "Martin Duque, Jesus"]
[WhiteFideId "4140419"]
[BlackFideId "2208954"]
[WhiteElo "2594"]
[BlackElo "2243"]
[Result "0-1"]
[Round "07"]
[TimeControl "180+1"]
[Date "2022.03.22"]
[WhiteClock "0:00:05"]
[BlackClock "0:00:54"]

1. e4 c5 2. Nc3 Nc6 3. g3 g6 4. Bg2 Bg7 5. d3 d6 6. Be3 Nf6 7. h3 Rb8 8. Qd2 b5 9. Bh6 O-O 10. Bxg7 Kxg7 11. Nge2 b4 12. Nd1 a5 13. Ne3 Ba6 14. O-O e6 15. g4 Nd4 16. f4 Nxe2+ 17. Qxe2 Qb6 18. Kh2 Rbc8 19. b3 Bb7 20. Qf2 Nd7 21. f5 exf5 22. gxf5 f6 23. fxg6 hxg6 24. Qg3 Ne5 25. Rf4 Rh8 26. Raf1 Rcf8 27. Ng4 Nxg4+ 28. Rxg4 Rh6 29. Rgf4 Bc8 30. Rh4 Rxh4 31. Qxh4 Qd8 32. Kg1 Qe7 33. Qf4 Qe5 34. Qxe5 dxe5 35. a3 Rh8 36. Ra1 Bxh3 37. Bxh3 Rxh3 38. axb4 axb4 39. Ra5 Re3 40. Rxc5 Re2 41. Kf1 Rh2 42. Rc4 g5 43. Rxb4 Rxc2 44. d4 exd4 45. Rxd4 Rb2 46. b4 Kg6 47. Kg1 g4 48. e5 f5 49. Rc4 Kg5 50. e6 f4 51. Re4 g3 52. e7 f3 53. Re5+ Kg4 54. Re4+ Kh3 55. Re1 f2+ 56. Kf1 g2# 0-1


[Site "https://www.chess.com"]

[Event "Titled Tuesday Blitz March 22 Early 2022"]
[White "Toncheva, Nadya"]
[Black "Obolentseva, Alexandra"]
[WhiteFideId "2924056"]
[BlackFideId "24153648"]
[WhiteElo "1884"]
[BlackElo "2113"]
[Result "1-0"]
[Round "07"]
[TimeControl "180+1"]
[Date "2022.03.22"]
[WhiteClock "0:00:29"]
[BlackClock "0:00:26"]

1. e4 c5 2. Nf3 d6 3. d4 cxd4 4. Nxd4 Nf6 5. f3 a6 6. c4 g6 7. Nc3 Bg7 8. Be2 O-O 9. O-O Nbd7 10. Be3 Qc7 11. Qd2 b6 12. Rfd1 Bb7 13. Rac1 Rac8 14. b4 Qb8 15. Nb3 Ne5 16. Na4 Ned7 17. Bf1 Bc6 18. Nc3 Qa8 19. Qf2 Rb8 20. a4 Bb7 21. Nd5 Nxd5 22. cxd5 Rfc8 23. g3 Rxc1 24. Rxc1 Rc8 25. Bxb6 Rxc1 26. Nxc1 Qc8 27. Be3 Qc3 28. Qd2 Qxd2 29. Bxd2 e6 30. dxe6 fxe6 31. Nb3 d5 32. Na5 Ba8 33. exd5 Bxd5 34. Bxa6 Bxf3 35. Kf2 Bd5 36. Nc4 Bd4+ 37. Be3 Bc3 38. Bb5 Bxb4 39. Nb6 Nxb6 40. Bxb6 Kf7 41. a5 Ke7 42. a6 Kd6 43. Ke3 Bc5+ 44. Bxc5+ Kxc5 45. Bd3 e5 46. Be4 Bxe4 47. Kxe4 Kb6 48. Kxe5 Kxa6 49. Kf6 Kb6 50. Kg7 g5 51. Kxh7 Kc5 52. Kg6 g4 53. Kg5 Kd6 54. Kxg4 Ke7 55. h4 Kf7 56. h5 Kg7 57. Kh4 Kh7 58. g4 Kg7 59. g5 Kh7 60. g6+ Kg7 61. Kg5 Kh8 62. h6 Kg8 63. Kf6 Kh8 64. g7+ Kg8 65. h7+ Kxh7 66. Kf7 Kh6 67. g8=Q Kh5 68. Qg3 1-0


[Site "https://www.chess.com"]

[Event "Titled Tuesday Blitz March 22 Early 2022"]
[White "Topalov, Aleksandar"]
[Black "Olsen, Filip Boe"]
[WhiteFideId "925659"]
[BlackFideId "1440640"]
[WhiteElo "2158"]
[BlackElo "2188"]
[Result "0-1"]
[Round "07"]
[TimeControl "180+1"]
[Date "2022.03.22"]
[WhiteClock "0:00:02"]
[BlackClock "0:01:04"]

1. b3 d5 2. Bb2 Nf6 3. Nf3 Bf5 4. g3 e6 5. Bg2 c5 6. Ne5 Bd6 7. O-O O-O 8. d3 h6 9. Nd2 Bh7 10. e4 Qc7 11. f4 dxe4 12. dxe4 Rd8 13. Qe2 Be7 14. a4 Nbd7 15. Ndc4 Nxe5 16. Bxe5 Qd7 17. Rfd1 Qe8 18. Bxf6 gxf6 19. e5 Rd7 20. Rxd7 Qxd7 21. Rd1 Qc7 22. Be4 Bxe4 23. Qxe4 f5 24. Qe2 Rd8 25. Rd3 b6 26. Rxd8+ Qxd8 27. Qd3 Qxd3 28. cxd3 Kf8 29. Kg2 Ke8 30. h3 Kd7 31. g4 fxg4 32. hxg4 Kc6 33. Kf3 Kd5 34. Ke3 Bh4 35. Nd2 a6 36. Ne4 Be7 37. Nc3+ Kc6 38. Ke4 b5 39. axb5+ axb5 40. f5 Bg5 41. Ne2 Kb6 42. Ng3 Ka5 43. Nh5 Kb4 44. Ng7 exf5+ 45. gxf5 Kxb3 46. f6 c4 47. e6 Bxf6 0-1


[Site "https://www.chess.com"]